[Event "Team 45 45 League T73"]
[Site "Internet Chess Club"]
[Date "2017.07.08"]
[Round "4"]
[White "Fianchettoed"]
[Black "zap2"]
[Result "1-0"]
[WhiteElo "1800"]
[BlackElo "1721"]
[Opening "English: symmetrical, Benoni formation"]
[ECO "A31"]
[Time "09:04:22"]
[TimeControl "2700+45"]

1. d4 Nf6 2. c4 c5 3. Nf3 g6 4. g3 Bg7 5. Bg2 O-O 6. Nc3 cxd4 7. Nxd4 Nc6 8. O-O
a6 9. Nc2 d6 10. e4 Rb8 11. Ne3 e6 12. Qd2 Qc7 13. b3 Rd8 14. Bb2 b5 15. Rac1
bxc4 16. Nxc4 a5 17. Ne3 Ba6 18. Rfd1 Ne8 19. Ncd5 Qb7 20. Bxg7 Kxg7 21. Qb2+ e5
22. Qd2 Nd4 23. Ng4 Ne6 24. Qh6+ Kh8 25. Rc7 Qxc7 26. Nxc7 N8xc7 27. Nf6 Nf8 28.
Rc1 Nce6 29. f4 Rbc8 30. Rxc8 Rxc8 31. Bh3 Rc1+ 32. Kf2 Rc2+ 33. Ke1 Rxh2 34. f5
Ng7 35. Ne8 Nfe6 36. fxe6 Nxe6 37. Nf6 {Black resigns} 1-0

[Event "Team 45 45 League T73"]
[Site "Internet Chess Club"]
[Date "2017.07.08"]
[Round "4"]
[White "idjit"]
[Black "bayoumicardio10"]
[Result "1/2-1/2"]
[WhiteElo "1652"]
[BlackElo "1497"]
[Opening "Pirc: Austrian attack, dragon formation"]
[ECO "B09"]
[Time "16:16:13"]
[TimeControl "2700+45"]

1. e4 d6 2. d4 Nf6 3. Nc3 g6 4. f4 Bg7 5. Nf3 c5 6. Bb5+ Bd7 7. Qd3 Bxb5 8.
Qxb5+ Qd7 9. dxc5 Qxb5 10. Nxb5 Na6 11. cxd6 Nxe4 12. dxe7 Kxe7 13. Nbd4 Rad8
14. Be3 Rhe8 15. c3 Kf8 16. O-O-O Nac5 17. Rhe1 h6 18. f5 g5 19. g4 Nf6 20. h3
Nd5 21. Nc2 Nxe3 22. Rxe3 Rxd1+ 23. Kxd1 Ne4 24. Nd2 Nf2+ 25. Ke2 Nxh3 26. Rxe8+
Kxe8 27. Ne4 Nf4+ 28. Kf3 Kd7 29. Ne3 Nd3 30. b4 b6 31. Nd5 Be5 32. Ndf6+ Kc6
33. Ng8 Bc7 34. Nxh6 Ne5+ 35. Ke3 Kd5 36. Nf6+ Kc4 37. Ke4 Bb8 38. Nd5 Bd6 39.
Nf6 Kxc3 40. Kd5 Bb8 41. Ne4+ Kxb4 42. Nxg5 Ka3 43. Nhxf7 Nxg4 44. Nd6 Ne3+ 45.
Ke4 Bxd6 46. Kxe3 Kxa2 47. f6 b5 48. Ne4 Be5 49. f7 Bg7 50. Nc3+ Kb3 51. Nxb5 a5
52. Kd3 a4 53. Kd2 Kb4 54. Nd4 Bh6+ 55. Kd3 Ka3 56. Kc2 Kb4 57. Kd3 Bg7 58. Nc2+
Kb3 59. Na1+ Kb2 60. Nc2 Bf8 61. Kd2 Bg7 62. Kd3 Bh6 63. Ne3 Kb3 64. Nc2 Bf8 65.
Na1+ Kb2 66. Nc2 Kb3 67. Na1+ Kb2 68. Nc2 a3 69. Nxa3 Bxa3 70. Ke4 Kc3 71. Kf5
Kd4 72. Kg6 Ke5 73. Kg7 Ke6 74. f8=Q Bxf8+ {Game drawn because neither player
has mating material} 1/2-1/2

[Event "Team 45 45 League T73"]
[Site "Internet Chess Club"]
[Date "2017.07.08"]
[Round "4"]
[White "bradleyguo175"]
[Black "watkins"]
[Result "1-0"]
[WhiteElo "1669"]
[BlackElo "1491"]
[Opening "QGD: 4.Nf3"]
[ECO "D37"]
[Time "09:02:35"]
[TimeControl "2700+45"]

1. d4 Nf6 2. c4 e6 3. Nf3 d5 4. Nc3 dxc4 5. e4 Bb4 6. Bg5 h6 7. Bxf6 Qxf6 8.
Bxc4 Nc6 9. Qa4 Qf4 10. Bb5 Bxc3+ 11. bxc3 Qxe4+ 12. Kd2 Bd7 13. Rhe1 Qg4 14.
Rg1 O-O 15. Qb3 Rfd8 16. a4 e5 17. Bxc6 Bxc6 18. Qxf7+ Kxf7 19. Nxe5+ Kg8 20.
Nxg4 b6 21. Ne5 Bb7 22. Rab1 Rd5 23. Rge1 Rad8 24. Ng6 Kf7 25. Nf4 R5d6 26. Re5
g5 27. Nd3 Bxg2 28. Rbe1 R8d7 29. f4 g4 30. R5e2 Bf3 31. Ne5+ Ke7 32. Nxf3+ Kf6
33. Ne5 Rg7 34. Nc4 Rd5 35. Re6+ Kf5 36. R1e4 g3 37. Ne3# {Black checkmated} 1-0

[Event "Team 45 45 League T73"]
[Site "Internet Chess Club"]
[Date "2017.07.08"]
[Round "4"]
[White "Kingofknights"]
[Black "pokerram"]
[Result "1-0"]
[WhiteElo "1498"]
[BlackElo "1584"]
[Opening "King's Indian: Sämisch, orthodox variation"]
[ECO "E85"]
[Time "15:01:10"]
[TimeControl "2700+45"]

1. d4 Nf6 2. c4 g6 3. Nc3 Bg7 4. e4 d6 5. f3 O-O 6. Be3 e5 7. Qd2 Nh5 8. Nge2 f5
9. exf5 gxf5 10. O-O-O f4 11. Bf2 a5 12. dxe5 Bxe5 13. Ne4 Be6 14. Nd4 Bxd4 15.
Bxd4 Nc6 16. Bc3 Ne5 17. Be2 a4 18. g4 Ng7 19. h4 Rf7 20. Bxe5 b5 21. Ng5 Qc8
22. Nxf7 Bxf7 23. Bxg7 Kxg7 24. Qd4+ Kg8 25. Qxf4 Qb7 26. Rhe1 Rb8 27. cxb5 c6
28. Qxd6 Bxa2 29. Qxc6 Qf7 30. Rd4 a3 31. Bc4 axb2+ 32. Kxb2 Bxc4 33. Qxc4 Qxc4
34. Rxc4 Rxb5+ 35. Kc3 Rb7 36. Re5 {Black resigns} 1-0

[Event "Team 45 45 League T73"]
[Site "Internet Chess Club"]
[Date "2017.07.09"]
[Round "4"]
[White "bobhill"]
[Black "cadmiumorange"]
[Result "1-0"]
[WhiteElo "1861"]
[BlackElo "1810"]
[Opening "Modern defense"]
[ECO "A40"]
[Time "14:00:40"]
[TimeControl "2700+45"]

1. d4 g6 2. Nf3 Bg7 3. Bg5 d6 4. Nbd2 c6 5. c3 h6 6. Bh4 Nd7 7. e4 Qb6 8. Qb3
Qxb3 9. axb3 Ngf6 10. Bd3 g5 11. Bg3 Nh5 12. b4 Nxg3 13. hxg3 c5 14. bxc5 dxc5
15. d5 O-O 16. Nc4 b5 17. Ne3 c4 18. Bc2 Nc5 19. Nd4 e6 20. dxe6 fxe6 21. Ng4 e5
22. Nf5 Bxf5 23. exf5 e4 24. Nxh6+ Bxh6 25. Rxh6 Rxf5 26. g4 Re5 27. Ke2 Nd3 28.
Rah1 Rf8 29. Rh8+ Kf7 30. R1h7+ Ke8 31. Rxf8+ Kxf8 32. Rxa7 Nxb2 33. Ke3 Nd3 34.
Rb7 Nf4 35. Bxe4 Ne6 36. f3 Rc5 37. g3 Nd8 38. Rb6 Ke7 39. f4 gxf4+ 40. gxf4 Ne6
41. f5 Ng5 42. Bg2 Nf7 43. Kf4 Nd6 44. Be4 Kd7 45. g5 Kc7 46. Ra6 {Black
resigns} 1-0

[Event "Team 45 45 League T73"]
[Site "Internet Chess Club"]
[Date "2017.07.08"]
[Round "4"]
[White "PolishRyszard"]
[Black "parrot9"]
[Result "1-0"]
[WhiteElo "1817"]
[BlackElo "1660"]
[Opening "Queen's pawn, Mason variation"]
[ECO "D00"]
[Time "07:06:52"]
[TimeControl "2700+45"]

1. d4 d5 2. Bf4 Nf6 3. e3 e6 4. Nf3 a6 5. Nbd2 Nbd7 6. Bd3 c5 7. c3 b5 8. O-O
Bb7 9. Ne5 Be7 10. Bg3 Ne4 11. Bxe4 dxe4 12. Qc2 Nf6 13. Rae1 O-O 14. a3 Rc8 15.
Qb1 a5 16. Bh4 b4 17. f3 exf3 18. gxf3 Nd5 19. Bf2 Bh4 20. Bxh4 Qxh4 21. Nd7
Qg5+ 22. Kh1 Nxe3 23. Rg1 Qf4 24. Rxe3 Qxe3 25. Nf6+ {Black resigns} 1-0

[Event "Team 45 45 League T73"]
[Site "Internet Chess Club"]
[Date "2017.07.06"]
[Round "4"]
[White "Gojira"]
[Black "liujf"]
[Result "1-0"]
[WhiteElo "1623"]
[BlackElo "1602"]
[Opening "Queen's pawn: London system"]
[ECO "A45"]
[Time "20:01:41"]
[TimeControl "2700+45"]

1. d4 Nf6 2. Bf4 g6 3. e3 Bg7 4. Be2 d5 5. h3 O-O 6. Nf3 c5 7. c3 Qb6 8. Qb3 Qd8
9. O-O Nc6 10. dxc5 Ne4 11. Qa3 Qa5 12. Qxa5 Nxa5 13. Nfd2 Nxc5 14. b4 Na4 15.
bxa5 Nxc3 16. Nxc3 Bxc3 17. Rad1 Bxa5 18. Nb3 Bc3 19. Rxd5 Bf5 20. Rfd1 e6 21.
Rc5 Bg7 22. f3 e5 23. Bxe5 Bh6 24. Bf4 Bg7 25. g4 Be6 26. Be5 Bxe5 27. Rxe5 Rac8
28. Nd4 Bxa2 29. Ra1 Bc4 30. Bxc4 Rxc4 31. Rxa7 Rb8 32. Rb5 Rc7 33. Kf2 h5 34.
f4 h4 35. Nb3 Rd8 36. Rbxb7 Rc2+ 37. Kf3 Rd1 38. Rxf7 Rf1+ 39. Ke4 Rc4+ 40. Kd3
Rc8 41. Rg7+ Kf8 42. Nd4 Rd1+ 43. Ke2 Rcc1 44. Ne6+ Ke8 45. Rge7# {Black
checkmated} 1-0

[Event "Team 45 45 League T73"]
[Site "Internet Chess Club"]
[Date "2017.07.06"]
[Round "4"]
[White "Xbug"]
[Black "crazyhorses"]
[Result "0-1"]
[WhiteElo "1167"]
[BlackElo "1387"]
[Opening "Queen's gambit accepted"]
[ECO "D20"]
[Time "16:01:19"]
[TimeControl "2700+45"]

1. d4 d5 2. c4 dxc4 3. Nc3 Nf6 4. Bf4 e6 5. e3 a6 6. Bxc4 b5 7. Bd3 Bb7 8. Nf3
Be7 9. Qc2 O-O 10. Bg5 Nbd7 11. Bxf6 Nxf6 12. Be2 c5 13. dxc5 Bxc5 14. O-O Rc8
15. Rfd1 Qe7 16. Rd2 b4 17. Na4 Bxe3 18. Qxc8 Rxc8 19. fxe3 h6 20. Rad1 Qc7 21.
Rd7 Nxd7 22. Nd4 Nf6 23. h3 Qa5 24. b3 Ne4 25. Bf3 {White resigns} 0-1

[Event "Team 45 45 League T73"]
[Site "Internet Chess Club"]
[Date "2017.07.08"]
[Round "4"]
[White "JSCOL"]
[Black "Froggy"]
[Result "1-0"]
[WhiteElo "2082"]
[BlackElo "1999"]
[Opening "Sicilian: accelerated fianchetto, Maróczy bind, 6.Be3"]
[ECO "B38"]
[Time "11:02:00"]
[TimeControl "2700+45"]

1. e4 c5 2. Nf3 g6 3. c4 Bg7 4. d4 cxd4 5. Nxd4 Nc6 6. Be3 Nf6 7. Nc3 d6 8. Be2
O-O 9. O-O Bd7 10. Nc2 Qa5 11. f3 Rfc8 12. Rc1 a6 13. a3 Ne5 14. c5 dxc5 15. f4
Bc6 16. fxe5 Nxe4 17. Nxe4 Bxe4 18. Bf3 Qa4 19. Ne1 Qxd1 20. Rxd1 Bxf3 21. Nxf3
Rc7 22. Bf4 e6 23. Ng5 c4 24. Ne4 Bf8 25. g4 b5 26. Kg2 a5 27. Nf6+ Kg7 28. Rf3
b4 29. Rh3 {Black resigns} 1-0

[Event "Team 45 45 League T73"]
[Site "Internet Chess Club"]
[Date "2017.07.10"]
[Round "4"]
[White "Freitac"]
[Black "f5"]
[Result "1/2-1/2"]
[WhiteElo "1969"]
[BlackElo "2026"]
[Opening "Dutch"]
[ECO "A80"]
[Time "18:04:14"]
[TimeControl "2700+45"]

1. d4 f5 2. Nf3 Nf6 3. g3 g6 4. Bg2 Bg7 5. O-O d6 6. b3 O-O 7. Bb2 Ne4 8. Nbd2
Nxd2 9. Qxd2 c5 10. c4 Nc6 11. Rad1 cxd4 12. Nxd4 Nxd4 13. Bxd4 Bxd4 14. Qxd4
Qa5 15. Rd2 Qe5 16. f4 Qxd4+ 17. Rxd4 Rb8 18. Re1 Kf7 19. e4 fxe4 20. Rdxe4 Re8
21. R4e3 Bd7 22. Bd5+ Kf8 23. Bg2 b5 24. Rc1 Rbc8 25. Rec3 bxc4 26. Rxc4 Rxc4
27. Rxc4 Rc8 28. Rxc8+ Bxc8 29. Kf2 {Game drawn by mutual agreement} 1/2-1/2

[Event "Team 45 45 League T73"]
[Site "Internet Chess Club"]
[Date "2017.07.09"]
[Round "4"]
[White "santiagoelawad"]
[Black "ArturitoGalacti"]
[Result "1/2-1/2"]
[WhiteElo "1980"]
[BlackElo "1857"]
[Opening "English: four knights, kingside fianchetto"]
[ECO "A29"]
[Time "21:08:38"]
[TimeControl "2700+45"]

1. c4 e5 2. Nc3 Nf6 3. Nf3 Nc6 4. g3 Bb4 5. Nd5 O-O 6. a3 Be7 7. d3 d6 8. Bg2
Bg4 9. O-O Qd7 10. Bg5 Nxd5 11. cxd5 Bxf3 12. Bxf3 Nd4 13. Bxe7 Nxf3+ 14. exf3
Qxe7 15. Rc1 Rfc8 16. Qb3 c5 17. dxc6 bxc6 18. Qa4 Qb7 19. b4 Qb5 20. Qxb5 cxb5
21. Rfd1 Kf8 22. Kf1 Ke7 23. Ke2 Kd7 24. Ke3 Ke6 25. h4 f6 26. h5 d5 27. f4 d4+
28. Ke4 f5+ 29. Kf3 Rc3 30. fxe5 Rac8 31. Ra1 Kxe5 32. a4 bxa4 33. Rxa4 R8c7 34.
Ra5+ Kf6 35. Rd5 Rb3 36. Rxd4 Ke5 37. Rd8 Rxb4 38. d4+ Kf6 39. d5 Rbb7 40. Kf4
Rb4+ 41. Kf3 Rb3+ 42. Kg2 Rbb7 43. d6 Rd7 44. Rf8+ Ke6 45. Re8+ Kf6 46. Rf8+ Ke6
47. Re8+ Kf6 48. h6 gxh6 49. Rh1 Kg7 50. Re6 Rb6 51. Rhxh6 a5 52. Re7+ Kxh6 53.
Rxd7 a4 54. Ra7 Rxd6 55. Rxa4 Kg6 56. Ra8 {Game drawn by mutual agreement}
1/2-1/2

[Event "Team 45 45 League T73"]
[Site "Internet Chess Club"]
[Date "2017.07.07"]
[Round "4"]
[White "charles-allen"]
[Black "Heian"]
[Result "0-1"]
[WhiteElo "1843"]
[BlackElo "1642"]
[Opening "Queen's pawn: Chigorin variation"]
[ECO "D00"]
[Time "21:30:41"]
[TimeControl "2700+45"]

1. d4 d5 2. Nc3 e6 3. Bf4 f5 4. Nb5 Na6 5. e3 Nf6 6. Nf3 c6 7. Na3 Nb8 8. c4
Bxa3 9. bxa3 Qa5+ 10. Qd2 Qxa3 11. c5 Ne4 12. Qc2 Qc3+ 13. Qxc3 Nxc3 14. Be5 O-O
15. Ng5 Ne4 16. Nxe4 fxe4 17. Bxb8 Rxb8 18. Be2 b5 19. O-O a5 20. f3 exf3 21.
gxf3 a4 22. f4 Rf7 23. Bd1 Ba6 24. Rf2 Rbf8 25. Bg4 Rf6 26. h4 Bc8 27. Rg2 Bd7
28. Kh2 Be8 29. Rag1 R8f7 30. Bh5 g6 31. Bd1 Ra7 32. Rb2 Rg7 33. Rbg2 Rff7 34.
Bg4 Rf6 35. Bh3 Kf8 36. h5 Rb7 37. h6 Ke7 38. f5 exf5 39. Bxf5 Rxf5 40. Rxg6
Bxg6 {White resigns} 0-1

[Event "Team 45 45 League T73"]
[Site "Internet Chess Club"]
[Date "2017.07.07"]
[Round "4"]
[White "hood"]
[Black "Dreamshell"]
[Result "1-0"]
[WhiteElo "2010"]
[BlackElo "1864"]
[Opening "Sicilian: Najdorf, 7.f4"]
[ECO "B96"]
[Time "13:08:19"]
[TimeControl "2700+45"]

1. e4 c5 2. Nf3 d6 3. d4 cxd4 4. Nxd4 Nf6 5. Nc3 a6 6. Bg5 e6 7. f4 h6 8. Bh4
Qb6 9. a3 Be7 10. Bf2 Qc7 11. Qf3 b5 12. g4 Nbd7 13. O-O-O Bb7 14. h4 Nc5 15.
Bd3 Nfd7 16. Kb1 Nxd3 17. cxd3 d5 18. exd5 b4 19. axb4 Bxb4 20. Rc1 Bxc3 21.
Rxc3 Qd6 22. Rhc1 O-O 23. Nc6 exd5 24. Nd4 Rfc8 25. Nf5 Qb4 26. Qe3 Rxc3 27.
Rxc3 Nf6 28. Qe7 Qxe7 29. Nxe7+ Kf8 30. Rc7 Rb8 31. Bc5 Ne8 32. Rd7 Nf6 33. Nc6+
{Black resigns} 1-0

[Event "Team 45 45 League T73"]
[Site "Internet Chess Club"]
[Date "2017.07.10"]
[Round "4"]
[White "gera-carp75"]
[Black "gomeschess"]
[Result "0-1"]
[WhiteElo "1816"]
[BlackElo "2075"]
[Opening "Giuoco Piano"]
[ECO "C54"]
[Time "21:18:31"]
[TimeControl "2700+45"]

1. e4 e5 2. Nf3 Nc6 3. Bc4 Bc5 4. c3 Nf6 5. d3 d6 6. O-O h6 7. Bb3 O-O 8. Re1 a6
9. Nbd2 Ba7 10. Nf1 Ne7 11. Ng3 Ng6 12. h3 Re8 13. Be3 Bd7 14. Qe2 c6 15. Rad1
Qc7 16. Nh2 d5 17. Nh5 Nxh5 18. Qxh5 Be6 19. g3 Bxe3 20. Rxe3 Qd7 21. Ng4 Bxg4
22. hxg4 Rad8 23. Kg2 Nf8 24. g5 Re6 25. Rh1 Rde8 26. Qg4 hxg5 27. Rh5 Rg6 28.
Qe2 Qd6 29. Qf1 Nd7 30. Qh1 Rh6 31. Rxh6 gxh6 32. Qh5 Nc5 33. Rf3 Re7 34. Bc2
dxe4 35. dxe4 Qg6 36. Qg4 Nd7 37. Bb3 Nf6 38. Qc8+ Kg7 39. Rf5 Nxe4 40. Be6 Qxe6
{White resigns} 0-1

[Event "Team 45 45 League T73"]
[Site "Internet Chess Club"]
[Date "2017.07.12"]
[Round "4"]
[White "kanishka"]
[Black "samit"]
[Result "1-0"]
[WhiteElo "1621"]
[BlackElo "1498"]
[Opening "Sicilian: closed"]
[ECO "B24"]
[Time "00:08:24"]
[TimeControl "2700+45"]

1. e4 c5 2. Nc3 Nc6 3. g3 e6 4. Bg2 Nge7 5. d3 d5 6. exd5 Nxd5 7. Bd2 Be7 8.
Nge2 O-O 9. O-O a6 10. Re1 b5 11. Nxd5 exd5 12. Nf4 Be6 13. Nxe6 fxe6 14. Rxe6
Nd4 15. Re5 Bf6 16. Rxd5 Qe7 17. Be3 Rad8 18. c3 Rxd5 19. Bxd5+ Kh8 20. cxd4
cxd4 21. Bf4 Be5 22. Bxe5 Qxe5 23. Be4 Qf6 24. Qe2 Rc8 25. Rf1 Qe6 26. Qh5 g6
27. Qg5 Kg7 28. Rc1 h6 29. Qf4 Rf8 30. Rc7+ Kg8 31. Qxh6 Rf7 32. Rxf7 Kxf7 33.
Qh7+ Kf8 34. Qh8+ Kf7 35. Qxd4 Qxa2 36. Bd5+ {Black resigns} 1-0

[Event "Team 45 45 League T73"]
[Site "Internet Chess Club"]
[Date "2017.07.08"]
[Round "4"]
[White "jjimalo"]
[Black "Darshukarpov"]
[Result "1/2-1/2"]
[WhiteElo "1732"]
[BlackElo "1492"]
[Opening "Bogo-Indian defense, Nimzovich variation"]
[ECO "E11"]
[Time "12:04:48"]
[TimeControl "2700+45"]

1. d4 Nf6 2. Nf3 e6 3. c4 Bb4+ 4. Bd2 Qe7 5. Nc3 Nc6 6. g3 Bxc3 7. Bxc3 Ne4 8.
Qc2 Nxc3 9. Qxc3 Qb4 10. Bg2 d6 11. Qxb4 Nxb4 12. Kd2 Bd7 13. a3 Nc6 14. b4 Rb8
15. Kc3 Ke7 16. b5 Nd8 17. a4 c6 18. Kb4 f6 19. Rhd1 d5 20. cxd5 cxd5 21. Rdc1
Nf7 22. Rc7 Rhc8 23. Rac1 Kd6 24. Rxc8 Rxc8 25. Rxc8 Bxc8 26. Nd2 b6 27. Nb3 Nh6
28. h3 Bd7 29. a5 Be8 30. Bf3 Bg6 31. axb6 axb6 32. Kc3 Nf7 33. Nc1 Ng5 34. Bg2
Ne4+ 35. Bxe4 Bxe4 36. Nd3 Bxd3 37. Kxd3 e5 38. e3 Ke6 39. f3 g5 40. g4 h6 41.
Kc3 Kd6 42. Kd3 {Game drawn by mutual agreement} 1/2-1/2

[Event "Team 45 45 League T73"]
[Site "Internet Chess Club"]
[Date "2017.07.09"]
[Round "4"]
[White "kllrchris"]
[Black "cap78red"]
[Result "0-1"]
[WhiteElo "1685"]
[BlackElo "1450"]
[Opening "Neo-Grünfeld, 6.O-O"]
[ECO "D77"]
[Time "17:09:52"]
[TimeControl "2700+45"]

1. Nf3 Nf6 2. g3 g6 3. Bg2 d5 4. O-O Bg7 5. d4 O-O 6. c4 dxc4 7. Ne5 Nc6 8. Nxc6
bxc6 9. Bxc6 Bh3 10. Bg2 Bxg2 11. Kxg2 Ne4 12. e3 Ng5 13. Nc3 Rb8 14. h4 Ne6 15.
Qe2 c5 16. d5 Nc7 17. e4 f5 18. Qxc4 fxe4 19. d6+ Nd5 20. Qxd5+ Kh8 21. dxe7
Qxe7 22. Qxe4 Qd7 23. Qd5 Qg4 24. Qe4 Qd7 25. Bf4 Rxb2 26. Rad1 Bd4 27. Be5+ Kg8
28. Bxd4 cxd4 29. Nd5 Re2 30. Qxd4 Qb7 31. Kg1 Qb2 32. Nc3 Rc2 33. Rd3 h5 34.
Qe4 Qb6 35. Qd5+ Rf7 36. Ne4 Kf8 37. Ng5 Rfxf2 38. Qd8+ Kg7 39. Qxb6 Rg2+ 40.
Kh1 Rh2+ 41. Kg1 Rcg2# {White checkmated} 0-1

[Event "Team 45 45 League T73"]
[Site "Internet Chess Club"]
[Date "2017.07.08"]
[Round "4"]
[White "Signalman"]
[Black "SlimeDog2"]
[Result "0-1"]
[WhiteElo "1858"]
[BlackElo "2045"]
[Opening "Queen's pawn: London system"]
[ECO "A45"]
[Time "03:34:39"]
[TimeControl "2700+45"]

1. d4 Nf6 2. Bf4 g6 3. e3 Bg7 4. Nf3 O-O 5. Be2 d6 6. O-O Nbd7 7. h3 Qe8 8. c4
e5 9. Bh2 Ne4 10. Nbd2 Nxd2 11. Qxd2 f5 12. dxe5 Nxe5 13. Nxe5 dxe5 14. Rad1 Be6
15. b3 Rf7 16. a4 a5 17. Qb2 e4 18. Be5 Qc6 19. Bxg7 Rxg7 20. Qe5 b6 21. Rc1 Rd7
22. c5 Qd5 23. Qxd5 Bxd5 24. Bb5 c6 25. Bc4 bxc5 26. Rfd1 Rad8 27. Bxd5+ Rxd5
28. Rxd5 Rxd5 29. g3 Kf7 30. Kf1 Ke6 31. Ke2 Kd6 32. Rc3 g5 33. f4 gxf4 34. exf4
h5 35. Re3 Rd4 36. Rc3 Kd5 37. g4 hxg4 38. h4 Rb4 {White resigns} 0-1

[Event "Team 45 45 League T73"]
[Site "Internet Chess Club"]
[Date "2017.07.07"]
[Round "4"]
[White "cysk"]
[Black "gera-carp75"]
[Result "0-1"]
[WhiteElo "1715"]
[BlackElo "1822"]
[Opening "Sicilian: closed, 2...Nc6"]
[ECO "B23"]
[Time "22:14:49"]
[TimeControl "2700+45"]

1. e4 c5 2. Nc3 Nc6 3. Bb5 Nd4 4. Bc4 g6 5. Nf3 Bg7 6. d3 a6 7. O-O Nf6 8. Be3
Ng4 9. Bxf7+ Kxf7 10. Ng5+ Kg8 11. Qxg4 d6 12. Qf4 Bf6 13. Rac1 b5 14. Nf3 e5
15. Qg3 Bb7 16. Bxd4 cxd4 17. Nd5 Bxd5 18. exd5 Kg7 19. c3 dxc3 20. bxc3 Rc8 21.
c4 Re8 22. Qg4 e4 {White forfeits on time} 0-1

[Event "Team 45 45 League T73"]
[Site "Internet Chess Club"]
[Date "2017.07.10"]
[Round "4"]
[White "backrankbrawler"]
[Black "idjit"]
[Result "1/2-1/2"]
[WhiteElo "1738"]
[BlackElo "1656"]
[Opening "Queen's pawn: Yusupov-Rubinstein system"]
[ECO "A46"]
[Time "10:02:46"]
[TimeControl "2700+45"]

1. d4 Nf6 2. Nf3 e6 3. e3 Bb4+ 4. c3 Be7 5. Bd3 d5 6. Nbd2 c5 7. O-O Nc6 8. dxc5
Bxc5 9. e4 dxe4 10. Nxe4 Nxe4 11. Bxe4 Qxd1 12. Rxd1 Bd7 13. Bf4 f6 14. Bd6 Bxd6
15. Rxd6 Ke7 16. Rad1 Rad8 17. Kf1 e5 18. Nh4 Be6 19. Rxd8 Rxd8 20. Rxd8 Kxd8
21. Bxh7 Bxa2 22. Ke2 Kd7 23. Ke3 Ne7 24. Be4 Bd5 25. Bxd5 Nxd5+ 26. Ke4 Ke6 27.
Nf5 g6 28. Ne3 f5+ 29. Kf3 e4+ 30. Ke2 Nxe3 31. Kxe3 Ke5 32. g3 b5 33. b4 Kd5
34. h3 Kc4 35. Kd2 a6 36. Kc2 Kd5 37. Kd2 Kc4 38. Kc2 Kd5 39. Kb3 e3 40. fxe3
Ke4 41. g4 fxg4 42. hxg4 Kxe3 43. c4 bxc4+ 44. Kxc4 Kf4 45. Kc5 Kxg4 46. Kb6 Kf3
47. Kxa6 g5 48. b5 g4 49. b6 g3 50. b7 g2 51. b8=Q g1=Q 52. Qf8+ Kg2 53. Qg7+
Kf1 54. Qa1+ Kg2 55. Qg7+ Kf1 {Game drawn by mutual agreement} 1/2-1/2

[Event "Team 45 45 League T73"]
[Site "Internet Chess Club"]
[Date "2017.07.08"]
[Round "4"]
[White "AVEMARIA"]
[Black "tightfist"]
[Result "1/2-1/2"]
[WhiteElo "1641"]
[BlackElo "1596"]
[Opening "Two knights defense (Modern bishop's opening)"]
[ECO "C55"]
[Time "11:07:54"]
[TimeControl "2700+45"]

1. e4 Nc6 2. Nf3 e5 3. Bc4 Nf6 4. d3 Be7 5. O-O O-O 6. c3 Re8 7. Bb3 d5 8. exd5
Nxd5 9. Nbd2 Bg4 10. Bc2 Nf4 11. Ne4 Qd5 12. h3 Bh5 13. Bxf4 exf4 14. Bb3 Qb5
15. g3 fxg3 16. Nxg3 Bg6 17. d4 Na5 18. Ne5 Nxb3 19. axb3 a6 20. Nxg6 hxg6 21.
b4 a5 22. Re1 b6 23. Re5 Qd7 24. Qg4 Qxg4 25. hxg4 Bd6 26. Rxe8+ Rxe8 27. bxa5
Bxg3 28. fxg3 bxa5 29. Kf2 Ra8 30. Ra4 Rb8 31. b4 axb4 32. Rxb4 Rxb4 33. cxb4
Kf8 34. Ke3 Ke7 35. Ke4 Ke6 36. d5+ Kd6 37. g5 f6 38. gxf6 gxf6 39. g4 c6 40.
dxc6 Kxc6 41. b5+ Kxb5 42. Kd5 {Game drawn by mutual agreement} 1/2-1/2

[Event "Team 45 45 League T73"]
[Site "Internet Chess Club"]
[Date "2017.07.10"]
[Round "4"]
[White "bluesun"]
[Black "clarinetref"]
[Result "0-1"]
[WhiteElo "1493"]
[BlackElo "1521"]
[Opening "Robatsch defense: two knights, Suttles variation"]
[ECO "B06"]
[Time "10:04:39"]
[TimeControl "2700+45"]

1. e4 g6 2. d4 Bg7 3. Nc3 c6 4. Nf3 d6 5. Be3 Nf6 6. Qd2 Ng4 7. h3 Nxe3 8. Qxe3
Qb6 9. O-O-O O-O 10. g4 e5 11. Be2 Na6 12. a3 Nc7 13. Qd2 Nb5 14. Bxb5 cxb5 15.
Nd5 Qd8 16. dxe5 dxe5 17. Ne1 Be6 18. f4 exf4 19. Qxf4 Qh4 20. Ng2 Qh6 21. g5
Qh5 22. Nf6+ Bxf6 23. gxf6 Rfd8 24. Rdg1 Rac8 25. Ne3 Kh8 26. Rh2 Rc5 27. h4 Qe5
28. Qxe5 Rxe5 29. Nd1 Rxe4 30. h5 Bf5 31. hxg6 Bxg6 32. Nc3 Re5 33. Rf2 a6 34.
Ne2 Rde8 35. Nf4 Re1+ 36. Rxe1 Rxe1+ 37. Kd2 Re5 38. Kc1 Rf5 39. Rd2 h5 40.
Nxg6+ fxg6 41. Rd6 Kg8 42. Kd2 Kf7 43. Rd7+ Kxf6 44. Rxb7 h4 45. Rb6+ Kg5 46.
Rxa6 h3 47. Ra8 Kg4 48. Rh8 Kg3 49. b4 Rf2+ 50. Kd3 Rf3+ 51. Kd4 Rxa3 52. Kc5
Rc3+ 53. Kxb5 Rxc2 54. Kb6 h2 55. b5 Kg2 56. Ka7 h1=Q 57. Rxh1 Kxh1 58. b6 Rb2
59. b7 g5 60. b8=Q Rxb8 61. Kxb8 g4 62. Kc7 g3 {White resigns} 0-1

[Event "Team 45 45 League T73"]
[Site "Internet Chess Club"]
[Date "2017.07.10"]
[Round "4"]
[White "kutch"]
[Black "MasterD"]
[Result "1-0"]
[WhiteElo "1510"]
[BlackElo "1507"]
[Opening "Nimzo-Indian: classical variation"]
[ECO "E32"]
[Time "21:12:51"]
[TimeControl "2700+45"]

1. d4 Nf6 2. c4 e6 3. Nc3 Bb4 4. Qc2 b6 5. a3 Bxc3+ 6. Qxc3 Bb7 7. Bg5 d5 8.
cxd5 Bxd5 9. f3 h6 10. Bh4 g5 11. Bg3 Bc6 12. e4 Nh5 13. d5 Rg8 14. dxc6 Nxg3
15. hxg3 Qd6 16. Ne2 Nxc6 17. Rd1 {Black resigns} 1-0

[Event "Team 45 45 League T73"]
[Site "Internet Chess Club"]
[Date "2017.07.07"]
[Round "4"]
[White "KnightmanAJ"]
[Black "sdcohle"]
[Result "1-0"]
[WhiteElo "1455"]
[BlackElo "1428"]
[Opening "French: advance variation"]
[ECO "C02"]
[Time "21:30:28"]
[TimeControl "2700+45"]

1. e4 e6 2. d4 d5 3. e5 c5 4. c3 Qb6 5. a3 Nc6 6. Nf3 cxd4 7. cxd4 Nge7 8. b4
Nf5 9. Be3 Nxe3 10. fxe3 a6 11. Bd3 Be7 12. O-O O-O 13. Qc2 h6 14. Nc3 Bd7 15.
Na4 Qa7 16. Nc5 Be8 17. Rab1 Rc8 18. Ne1 b6 19. Nb3 Qa8 20. Qf2 a5 21. b5 Na7
22. a4 Rc3 23. Qd2 Bb4 24. Qf2 Be7 25. Qg3 Qd8 26. Rf4 f6 27. Rg4 g5 28. Qh3 h5
29. exf6 Bxf6 30. Rg3 g4 31. Rxg4+ hxg4 32. Qh7# {Black checkmated} 1-0

[Event "Team 45 45 League T73"]
[Site "Internet Chess Club"]
[Date "2017.07.10"]
[Round "4"]
[White "Visin"]
[Black "vedv"]
[Result "1-0"]
[WhiteElo "1218"]
[BlackElo "1029"]
[Opening "Four knights: Scotch, 4...exd4"]
[ECO "C47"]
[Time "10:30:54"]
[TimeControl "2700+45"]

1. e4 e5 2. Nf3 Nc6 3. Nc3 Nf6 4. d4 exd4 5. Nxd4 Nxd4 6. Qxd4 Be7 7. e5 c5 8.
Qd1 Ng8 9. Bc4 Bg5 10. O-O Bxc1 11. Rxc1 Ne7 12. a3 O-O 13. Re1 a6 14. Nd5 Nxd5
15. Bxd5 b5 16. Bxa8 b4 17. axb4 cxb4 18. c3 bxc3 19. bxc3 a5 20. Qa4 Ba6 21.
Bf3 d5 22. exd6 Qxd6 23. Qxa5 Bc4 24. Qb4 Qxb4 25. cxb4 Bb5 26. h3 Rd8 27. Red1
Ra8 28. Rc5 Ba4 29. Rdc1 Bd7 30. Bc6 Be6 31. Bxa8 f6 32. Bd5 Kf7 33. Bxe6+ Kxe6
34. b5 Kd6 35. b6 Kd7 36. b7 Kd6 37. b8=Q+ Kd7 38. Rd1+ Ke6 39. Qe8# {Black
checkmated} 1-0